 Dungeon Crawl Stone Soup version bcrawl-1.12-11-gb93c957c58 (console) character file.

Game seed: 6067917552572606318

129 Lexodia the Slasher (level 5, -2/30 HPs)
             Began as a Gargoyle Archaeologist on July 3, 2019.
             Killed by divine providence
             ... invoked by an orc priest
              (12 damage)
             ... on level 3 of the Dungeon.
             The game lasted 00:03:10 (1623 turns).

Lexodia the Slasher (Gargoyle Archaeologist)        Turns: 1623, Time: 00:03:10

Health: -2/30      AC: 12    Str: 18    XL:     5   Next: 12%
Magic:  5/5        EV: 12    Int: 14    God:
Gold:   169        SH:  0    Dex:  8    Spells: 4/4 levels left

rFire    . . .     SeeInvis +   q - +0 short sword
rCold    + . .     Gourm    .   (no shield)
rNeg     + . .     Faith    +   a - +1 robe
rPois    ∞         Spirit   .   b - +1 hat
rElec    +         Reflect  .   (no cloak)
rCorr    .         Harm     .   d - +1 pair of gloves
MR       .....     Rnd*Tele +   c - +1 pair of boots
Stlth    ++........             m - amulet of faith
HPRegen  0.10/turn              i - ring of teleportation
MPRegen  0.09/turn              j - ring of see invisible

@: studying Long Blades
A: horns 1, cold resistance 1, negative energy resistance 1, electricity
resistance, strong 1, unbreathing, petrification resistance, rot immunity, AC +4
a: no special abilities


You were on level 3 of the Dungeon.
You were not hungry.

You visited 1 branch of the dungeon, and saw 3 of its levels.

You collected 169 gold pieces.

Inventory:

Hand Weapons
 q - a +0 short sword (weapon)
Armour
 a - a +1 robe (worn)
 b - a +1 hat (worn)
 c - a +1 pair of boots (worn)
 d - a +1 pair of gloves (worn)
Jewellery
 i - a ring of teleportation (left hand)
 j - a ring of see invisible (right hand)
 m - an amulet of faith (around neck)
Scrolls
 k - 3 scrolls of fear
 l - 2 scrolls of magic mapping
 t - a scroll of identify
Potions
 h - a potion of agility
Books
 e - a manual of Long Blades
Miscellaneous
 f - an ancient crate
Comestibles
 g - 6 rations {!d}


   Skills:
 - Level 2.1 Fighting
 * Level 4.5 Long Blades
 - Level 3.0 Dodging
 - Level 4.0 Stealth


You had 4 spell levels left.
You didn't know any spells.
Your spell library was empty.

Dungeon Overview and Level Annotations

Branches:
Dungeon (3/12)

Altars:
Wu Jian


Innate Abilities, Weirdness & Mutations

You are resistant to torment.
Your stone body is resilient. (AC +4)
You are immune to poison.
You resist negative energy. (rN+)
You are resistant to electric shocks. (rElec)
You can survive without breathing.
You are immune to petrification.
You are immune to rotting.
You have a pair of small horns on your head.
Your flesh is cold resistant. (rC+)
Your muscles are strong. (Str +2)


Message History

The orc shouts!
The bullfrog croaks.
The orc priest mumbles some strange prayers to Beogh against you.
Pain shoots through your body! The orc barely misses you. The orc misses you.
You hit the orc priest.
The orc priest is lightly wounded.
The orc closely misses you.
The orc priest invokes the aid of Beogh against you.
Beogh smites you!
You hit the orc priest. Your headbutt misses the orc priest.
The orc priest is lightly wounded.
The orc hits you with a +0 flail.
* * * LOW HITPOINT WARNING * * *
The orc priest closely misses you. The orc closely misses you.
Unknown command.
The orc priest calls upon Beogh to heal the orc priest.
The orc priest's wounds heal themselves!
The orc closely misses you.
The orc priest mumbles some strange prayers to Beogh against you.
Beogh smites you!
You die...

.....#.#*#........#..,**,,,,,,,,,
...#.#.##..8...8....,***,,,,,,,,,
...#...#$...........,,,,,,,,*****
.......#⌠o.........*,,*****,* ##
...###.#$..........**,,,,,,,* #.
...# #.#*..8...8Fo#**,,,,,,,* ##.
...# #.##*....oo.o# **,,,,,,* #..
...# #..#########o# *,,,,,,* #..
...####...÷.....@o# *,,,...* #..
....# ############# #..,...# #.<
....############** #...,..# #..
....#...........,* #...,..# #..
#...............,**####..##.# #..
#...............,*,.........# ###
#...%...†.......,*,,........#####
#############...,*,,........))...
****8***8****,..,****####...#####


You could see 2 orc priests and 2 orcs.

Vanquished Creatures
  A hound (D:3)
  An orc wizard (D:3)
  An adder (D:3)
  An ooze (D:2)
  3 worms
  A leopard gecko (D:3)
  5 orcs (D:3)
  A giant cockroach (D:1)
  7 goblins
  5 hobgoblins
  3 jackals (D:2)
  3 kobolds
  5 bats
  A frilled lizard (D:3)
  A rat (D:2)
39 creatures vanquished.

Notes
Turn   | Place    | Note
-------+----------+-------------------------------------------
     0 | D:1      | Lexodia the Gargoyle Archaeologist began the quest for the
                  | Orb.
     0 | D:1      | Reached XP level 1. HP: 12/12 MP: 1/1
   261 | D:1      | Reached XP level 2. HP: 14/16 MP: 2/2
   673 | D:2      | Found an ornate altar of the Wu Jian Council.
   698 | D:2      | Reached XP level 3. HP: 21/21 MP: 3/3
   836 | D:2      | Reached skill level 1 in Long Blades
  1236 | D:3      | Reached XP level 4. HP: 7/26 MP: 4/4
  1264 | D:3      | HP: 1/26 [orc wizard/puff of flame (5)]
  1270 | D:3      | Reached XP level 5. HP: 2/30 MP: 5/5
  1277 | D:3      | HP: 1/30 [kobold/+0 dagger (2)]
  1282 | D:3      | HP: 1/30 [frilled lizard (1)]
  1579 | D:3      | Gained mutation: Your muscles are strong. (Str +2) [potion
                  | of mutation]
  1579 | D:3      | Gained mutation: Your flesh is cold resistant. (rC+)
                  | [potion of mutation]
  1579 | D:3      | Gained mutation: You have a pair of small horns on your
                  | head. [potion of mutation]
  1623 | D:3      | Killed from afar by an orc priest

Skill      XL: |  1  2  3  4 |
---------------+-------------+-----
Stealth        | 4 |  4.0
Fighting       | 2 |  2.1
Long Blades    | 3 4 |  4.5
Dodging        | 3 |  3.0

Action                   |  1- 3 |  4- 6 || total
-------------------------+-------+-------++-------
Melee: Unarmed           |   102 |       ||   102
       Short sword       |   145 |    53 ||   198
       Headbutt          |       |     2 ||     2
  Use: Potion            |       |     3 ||     3
       Scroll            |       |     7 ||     7
 Stab: Sleeping          |     5 |       ||     5
  Eat: Chunk             |     1 |     2 ||     3
Armor: Robe              |   105 |    12 ||   117
Dodge: Dodged            |   145 |    40 ||   185
